PIO (24 & UNDER)
COLORADO COMMANDERS @ EAU CLAIRE ESQUIRES
05/23/2028
 
TOP OF THE 1ST
Colorado Commanders batting - Pitching for Eau Claire Esquires : RHP Keith Hill
Pitching: RHP Keith Hill
Batting: RHB Félix Campos 0-0: Ball
1-0: Ball
2-0: Foul Ball, location: 2F
2-1: Fly out, F9 (Flyball, 9S)
Batting: RHB Mike Martin 0-0: Ball
1-0: Swinging Strike
1-1: Called Strike
1-2: Strikes out swinging
Batting: LHB Arturo Rodledo 0-0: Fly out, F9 (Flyball, 89S)
Top of the 1st over - 0 run(s), 0 hit(s), 0 error(s), 0 left on base; Colorado 0 - Eau Claire 0
BOTTOM OF THE 1ST
Eau Claire Esquires batting - Pitching for Colorado Commanders : RHP Jesús Medina
Pitching: RHP Jesús Medina
Batting: SHB José Gonzáles 0-0: Foul Ball, location: 2F
0-1: Called Strike
0-2: Fly out, F8 (Flyball, 8LS)
Batting: RHB Kyle McIntyre 0-0: Ball
1-0: Foul Ball, location: 2F
1-1: Foul Ball, location: 2F
1-2: Foul Ball, location: 2F
1-2: Ball
2-2: Strikes out looking
Batting: RHB Jason Stover 0-0: Ball
1-0: Ball
2-0: Ground out 5-3 (Groundball, 56S)
Bottom of the 1st over - 0 run(s), 0 hit(s), 0 error(s), 0 left on base; Colorado 0 - Eau Claire 0
TOP OF THE 2ND
Colorado Commanders batting - Pitching for Eau Claire Esquires : RHP Keith Hill
Batting: LHB Juan Torres 0-0: Foul Ball, location: 2F
0-1: Fly out, F8 (Flyball, 8LS)
Batting: LHB Luis Torres 0-0: Swinging Strike
0-1: Swinging Strike
0-2: Ball
1-2: Ball
2-2: Strikes out swinging
Batting: RHB Chris Rice 0-0: Called Strike
0-1: Foul Ball, location: 2F
0-2: Strikes out swinging
Top of the 2nd over - 0 run(s), 0 hit(s), 0 error(s), 0 left on base; Colorado 0 - Eau Claire 0
BOTTOM OF THE 2ND
Eau Claire Esquires batting - Pitching for Colorado Commanders : RHP Jesús Medina
Batting: RHB Rich Henley 0-0: Called Strike
0-1: Ball
1-1: Ball
2-1: Ball
3-1: DOUBLE (Groundball, 5L)
Batting: RHB Terry Perkins 0-0: Fly out, F6 (Popup, 5D)
Batting: LHB António Chávez 0-0: Called Strike
0-1: Foul Ball, location: 2F
0-2: Ball
1-2: Ball
2-2: Ball
3-2: Foul Ball, location: 2F
3-2: Strikes out looking
Batting: RHB Chet White 0-0: Called Strike
0-1: Ball
1-1: Foul Ball, location: 2F
1-2: Ball
2-2: Strikes out swinging
Bottom of the 2nd over - 0 run(s), 1 hit(s), 0 error(s), 1 left on base; Colorado 0 - Eau Claire 0
TOP OF THE 3RD
Colorado Commanders batting - Pitching for Eau Claire Esquires : RHP Keith Hill
Batting: RHB Roberto Rodríguez 0-0: Ball
1-0: Ball
2-0: Called Strike
2-1: Called Strike
2-2: Ball
3-2: Base on Balls
Batting: RHB Adam Reeves 0-0: Fly out, F8 (Flyball, 8RM)
Batting: RHB Tony Barton 0-0: Ball
1-0: Ball
2-0: Called Strike
2-1: Ball
3-1: Foul Ball, location: 2F
3-2: Fly out, F7 (Flyball, 78S)
Batting: RHB Félix Campos 0-0: Ball
1-0: Ball
2-0: Foul Ball, location: 2F
2-1: Swinging Strike
2-2: Foul Ball, location: 2F
2-2: Fielders Choice at 2nd, 5-4 (Groundball, 56)
Top of the 3rd over - 0 run(s), 0 hit(s), 0 error(s), 0 left on base; Colorado 0 - Eau Claire 0
BOTTOM OF THE 3RD
Eau Claire Esquires batting - Pitching for Colorado Commanders : RHP Jesús Medina
Batting: RHB Francisco Fernández 0-0: Called Strike
0-1: SINGLE (Groundball, 56D)
Batting: RHB Dave Anderson 0-0: Ball
1-0: Called Strike
Francisco Fernández steals 2nd base
1-1: Foul Ball, location: 2F
1-2: Strikes out looking
Batting: SHB José Gonzáles 0-0: Called Strike
0-1: Ball
1-1: Foul Ball, location: 2F
1-2: Foul Ball, location: 2F
1-2: Ground out 6-3 (Groundball, 6M)
Francisco Fernández to third
Batting: RHB Kyle McIntyre 0-0: Ball
1-0: Foul Ball, location: 2F
1-1: Fly out, F8 (Flyball, 78D)
Bottom of the 3rd over - 0 run(s), 1 hit(s), 0 error(s), 1 left on base; Colorado 0 - Eau Claire 0
TOP OF THE 4TH
Colorado Commanders batting - Pitching for Eau Claire Esquires : RHP Keith Hill
Batting: RHB Mike Martin 0-0: Called Strike
0-1: Ball
1-1: Called Strike
1-2: Foul Ball, location: 2F
1-2: Ball
2-2: Fly out, F8 (Flyball, 78S)
Batting: LHB Arturo Rodledo 0-0: Hit by Pitch
Batting: LHB Juan Torres 0-0: SINGLE (Line Drive, 9)
Arturo Rodledo to second
Batting: LHB Luis Torres 0-0: Swinging Strike
0-1: Ball
1-1: Called Strike
1-2: Ball
2-2: Ball
3-2: Foul Ball, location: 2F
3-2: SINGLE (Groundball, 56S) (infield hit)
Arturo Rodledo to third
Juan Torres to second
Batting: RHB Chris Rice 0-0: Swinging Strike
0-1: Ball
1-1: Ball
2-1: Foul Ball, location: 2F
2-2: Foul Ball, location: 2F
2-2: Strikes out swinging
Batting: RHB Roberto Rodríguez 0-0: Ball
1-0: Ground out 5-3 (Groundball, 56)
Top of the 4th over - 0 run(s), 2 hit(s), 0 error(s), 3 left on base; Colorado 0 - Eau Claire 0
BOTTOM OF THE 4TH
Eau Claire Esquires batting - Pitching for Colorado Commanders : RHP Jesús Medina
Batting: RHB Jason Stover 0-0: Ball
1-0: Ball
2-0: Ball
3-0: Foul Ball, location: 2F
3-1: Swinging Strike
3-2: Strikes out swinging
Batting: RHB Rich Henley 0-0: Called Strike
0-1: Fly out, F5 (Line Drive, 5L)
Batting: RHB Terry Perkins 0-0: Ball
1-0: Ball
2-0: Ball
3-0: Base on Balls
Batting: LHB António Chávez 0-0: Called Strike
0-1: Fly out, F7 (Flyball, 7S)
Bottom of the 4th over - 0 run(s), 0 hit(s), 0 error(s), 1 left on base; Colorado 0 - Eau Claire 0
TOP OF THE 5TH
Colorado Commanders batting - Pitching for Eau Claire Esquires : RHP Keith Hill
Batting: RHB Adam Reeves 0-0: SINGLE (Line Drive, 4MD)
Batting: RHB Tony Barton 0-0: Ball
1-0: Ball
2-0: Fly out, F8 (Flyball, 8LM)
Batting: RHB Félix Campos 0-0: Called Strike
0-1: Foul Ball, location: 2F
0-2: Ball
1-2: Fielders Choice at 2nd, 5-4 (Groundball, 5)
Batting: RHB Mike Martin 0-0: Called Strike
Félix Campos steals 2nd base
0-1: Foul Ball, location: 2F
0-2: Foul Ball, location: 2F
0-2: Strikes out swinging
Top of the 5th over - 0 run(s), 1 hit(s), 0 error(s), 1 left on base; Colorado 0 - Eau Claire 0
BOTTOM OF THE 5TH
Eau Claire Esquires batting - Pitching for Colorado Commanders : RHP Jesús Medina
Batting: RHB Chet White 0-0: Ground out 5-3 (Groundball, 56)
Batting: RHB Francisco Fernández 0-0: Ball
1-0: Called Strike
1-1: Called Strike
1-2: Ground out 4-3 (Groundball, 4)
Batting: RHB Dave Anderson 0-0: Ball
1-0: Ground out 6-3 (Groundball, 6MS)
Bottom of the 5th over - 0 run(s), 0 hit(s), 0 error(s), 0 left on base; Colorado 0 - Eau Claire 0
TOP OF THE 6TH
Colorado Commanders batting - Pitching for Eau Claire Esquires : RHP Keith Hill
Batting: LHB Arturo Rodledo 0-0: Ball
1-0: Ball
2-0: SINGLE (Groundball, 4MD)
Batting: LHB Juan Torres 0-0: Ball
1-0: Ball
2-0: Called Strike
2-1: Ball
3-1: Base on Balls
Arturo Rodledo to second
Pinch Runner at 2nd Carl O'Dell:
Batting: LHB Luis Torres 0-0: Ball
1-0: Called Strike
1-1: Foul Ball, location: 2F
1-2: Strikes out swinging
Pitching: RHP Dave Martin
Batting: RHB Chris Rice 0-0: Swinging Strike
0-1: Ball
1-1: Ball
2-1: Foul Ball, location: 2F
2-2: Strikes out looking
Batting: RHB Roberto Rodríguez 0-0: Ball
1-0: Foul Ball, location: 2F
1-1: Foul Ball, location: 2F
1-2: Ball
2-2: Ball
3-2: Fly out, F8 (Line Drive, 8LM)
Top of the 6th over - 0 run(s), 1 hit(s), 0 error(s), 2 left on base; Colorado 0 - Eau Claire 0
BOTTOM OF THE 6TH
Eau Claire Esquires batting - Pitching for Colorado Commanders : RHP Jesús Medina
Now at 1B: Kyle Vélez
Batting: SHB José Gonzáles 0-0: Ball
1-0: Ground out 3-1 (Groundball, 34S)
Batting: RHB Kyle McIntyre 0-0: SINGLE (Line Drive, 8RS)
Batting: RHB Jason Stover 0-0: Ball
1-0: Called Strike
1-1: Ball
2-1: Swinging Strike
2-2: Strikes out swinging
Kyle McIntyre steals 2nd base
Batter strikes out.
Batting: RHB Rich Henley 0-0: Ball
1-0: Hit by Pitch
Batting: RHB Terry Perkins 0-0: Called Strike
0-1: Ball
1-1: Fly out, F6 (Line Drive, 56)
Bottom of the 6th over - 0 run(s), 1 hit(s), 0 error(s), 2 left on base; Colorado 0 - Eau Claire 0
TOP OF THE 7TH
Colorado Commanders batting - Pitching for Eau Claire Esquires : RHP Dave Martin
Batting: RHB Adam Reeves 0-0: Ball
1-0: DOUBLE (Groundball, 5L)
Pinch Hitting: RHB Ray Ervin 0-0: Intentional Walk
Pinch Hitting: RHB Alberto Soto 0-0: Grounds into double play, 6-4-3 (Groundball, 6)
Adam Reeves to third
Batting: RHB Mike Martin 0-0: Foul Ball, location: 2F
0-1: Swinging Strike
0-2: Strikes out swinging
Top of the 7th over - 0 run(s), 1 hit(s), 0 error(s), 1 left on base; Colorado 0 - Eau Claire 0
BOTTOM OF THE 7TH
Eau Claire Esquires batting - Pitching for Colorado Commanders : RHP Jesús Medina
Now at SS: Samuel Pasolini
Now in RF: Alberto Soto
Batting: LHB António Chávez 0-0: Called Strike
0-1: Ball
1-1: Foul Ball, location: 2F
1-2: Ball
2-2: Ground out 6-3 (Groundball, 6)
Batting: RHB Chet White 0-0: Ground out 5-3 (Groundball, 5S)
Pinch Hitting: LHB Earl Wigfall 0-0: Called Strike
0-1: Fly out, F5 (Popup, 5L)
Bottom of the 7th over - 0 run(s), 0 hit(s), 0 error(s), 0 left on base; Colorado 0 - Eau Claire 0
TOP OF THE 8TH
Colorado Commanders batting - Pitching for Eau Claire Esquires : RHP Dave Martin
Now at SS: Chris Whittier
Pinch Hitting: RHB Gerald Johnson 0-0: Ball
1-0: Ground out 5-3 (Groundball, 56S)
Batting: LHB Juan Torres 0-0: Ball
1-0: Ball
2-0: Called Strike
2-1: Ball
3-1: Swinging Strike
3-2: Base on Balls
Pinch Runner at 1st Todd Oliver:
Batting: LHB Luis Torres 0-0: Ball
1-0: Foul Ball, location: 2F
Pickoff Throw to First - Error! E1
Todd Oliver to second
1-1: Foul Ball, location: 2F
1-2: TRIPLE (Flyball, 89D)
Todd Oliver scores
Batting: RHB Chris Rice 0-0: Intentional Walk
Pinch Hitting: SHB Pancho Vásquez 0-0: Ball
1-0: Ball
2-0: Foul Ball, location: 2F
2-1: SINGLE (Groundball, 56D)
Luis Torres scores
Chris Rice to second
Pitching: LHP Pedro Rodríguez
Batting: RHB Adam Reeves 0-0: Called Strike
0-1: Called Strike
0-2: Ball
1-2: Foul Ball, location: 2F
1-2: Strikes out swinging
Pinch Hitting: RHB Frank Martínez 0-0: Ball
1-0: Foul Ball, location: 2F
1-1: Foul Ball, location: 2F
1-2: Ball
2-2: Foul Ball, location: 2F
2-2: Ball
3-2: Foul Ball, location: 2F
3-2: Base on Balls
Chris Rice to third
Pancho Vásquez to second
Batting: RHB Alberto Soto 0-0: Fly out, F9 (Flyball, 9)
Top of the 8th over - 2 run(s), 2 hit(s), 1 error(s), 3 left on base; Colorado 2 - Eau Claire 0
BOTTOM OF THE 8TH
Eau Claire Esquires batting - Pitching for Colorado Commanders : RHP Jesús Medina
Pitching: RHP Ron Hannah
Now at 2B: Gerald Johnson
Now at 3B: Todd Oliver
Now at SS: Frank Martínez
Now in RF: Pancho Vásquez
Batting: RHB Dave Anderson 0-0: Called Strike
0-1: Ball
1-1: Ball
2-1: Ball
3-1: Base on Balls
Batting: SHB José Gonzáles 0-0: Ball
1-0: Swinging Strike
1-1: Ball
2-1: Ball
3-1: Base on Balls
Dave Anderson to second
Batting: RHB Kyle McIntyre 0-0: Called Strike
0-1: Bunted foul
0-2: Ball
1-2: Ball
2-2: Foul Ball, location: 2F
2-2: Ball
3-2: Foul Ball, location: 2F
3-2: Foul Ball, location: 2F
3-2: Base on Balls
Dave Anderson to third
José Gonzáles to second
Batting: RHB Jason Stover 0-0: Ball
1-0: Ball
2-0: Fielders Choice at 2nd, 6-4 (Groundball, 6D)
Dave Anderson scores
José Gonzáles to third
Batting: RHB Rich Henley 0-0: Ball
1-0: Fly out, F9 (Flyball, 9)
Runner from 3rd tags up, SCORES, no throw
Pitching: LHP Homer Bryan
Batting: RHB Terry Perkins 0-0: Foul Ball, location: 2F
0-1: Ball
1-1: Ball
2-1: Ball
3-1: Hit by Pitch
Jason Stover to second
Batting: LHB António Chávez 0-0: Called Strike
0-1: Ball
1-1: Called Strike
1-2: Ball
2-2: Ball
3-2: SINGLE (Groundball, 4MD)
Jason Stover to third
Terry Perkins to second
Jason Stover scores
Terry Perkins to third
Batting: RHB Chet White 0-0: Ball
1-0: Called Strike
1-1: SINGLE (Line Drive, 56D)
Terry Perkins scores
António Chávez to second
Batting: RHB Chris Whittier 0-0: Foul Ball, location: 2F
0-1: SINGLE (Flyball, 8RS)
António Chávez to third
Chet White to second
Runner from 3rd tries for Home, SAFE, throw made home
Pitching: RHP Luis Chávez
Batting: RHB Dave Anderson 0-0: Ball
1-0: Ball
2-0: Called Strike
2-1: Swinging Strike
2-2: Ground out 1-3 (Groundball, 13)
Bottom of the 8th over - 5 run(s), 3 hit(s), 0 error(s), 2 left on base; Colorado 2 - Eau Claire 5
TOP OF THE 9TH
Colorado Commanders batting - Pitching for Eau Claire Esquires : LHP Pedro Rodríguez
Pitching: LHP Adrian Bryant
Batting: RHB Mike Martin 0-0: Called Strike
0-1: Ball
1-1: Called Strike
1-2: Strikes out swinging
Batting: RHB Gerald Johnson 0-0: Fly out, F7 (Flyball, 7D)
Batting: RHB Todd Oliver 0-0: Called Strike
0-1: Ball
1-1: Ball
2-1: Swinging Strike
2-2: Strikes out looking
Top of the 9th over - 0 run(s), 0 hit(s), 0 error(s), 0 left on base; Colorado 2 - Eau Claire 5
Tuesday, August 8th, 2017 - OOTP Baseball 17.12 Build 75